 Dungeon Crawl Stone Soup version 0.28-a0-1594-ga885d4b3d6 (webtiles) character file.

Game seed: 2754262566174514574

137 tilp the Chiller (level 5, 21/21 HPs)
             Began as a Felid Ice Elementalist on Jan 20, 2022.
             Was an Initiate of Sif Muna.
             Quit the game on level 3 of the Dungeon.
             The game lasted 00:03:14 (3479 turns).

tilp the Chiller (Felid Ice Elementalist)           Turns: 3479, Time: 00:03:14

Health: 21/21      AC:  1    Str:  4    XL:     5   Next: 0%
Magic:  10/10      EV: 21    Int: 19    God:    Sif Muna [......]
Gold:   111        SH:  0    Dex: 16    Spells: 3/10 levels left
                                        Lives:  1   Deaths: 0

rFire   . . .      SeeInvis +   (weapon unavailable)
rCold   . . .      Faith    .   (shield unavailable)
rNeg    . . .      Spirit   .   (armour unavailable)
rPois   +          Reflect  .   (helmet unavailable)
rElec   .          Harm     .   (cloak unavailable)
rCorr   .          Rampage  .   (gloves unavailable)
Will    .....                   (boots unavailable)
Stlth   ++........              (no amulet)
HPRegen 0.07/turn               d - ring of poison resistance
MPRegen 0.12/turn               b - +4 ring of evasion

@: quick
A: very small, claws 1, fangs 3, see invisible, speed 1, shaggy fur 1, stealthy
paws, no weapons or thrown items, no armour, multi-lived
a: Renounce Religion


You were on level 3 of the Dungeon.
You worshipped Sif Muna.
Sif Muna was noncommittal.
You visited 1 branch of the dungeon, and saw 3 of its levels.

You collected 111 gold pieces.

Inventory:

Jewellery
 b - a +4 ring of evasion (right paw)
 d - a ring of poison resistance (left paw)
Potions
 a - 4 potions of heal wounds {unknown}
 c - a potion of haste {unknown}
 e - a potion of curing {unknown}


   Skills:
 - Level 2.6 Dodging
 - Level 2.6 Stealth
 - Level 3.0 Spellcasting
 * Level 5.3 Ice Magic


You had 3 spell levels left.
You knew the following spells:

 Your Spells              Type           Power      Damage    Failure   Level
a - Freeze                Ice            92%        1d10      1%          1
b - Frozen Ramparts       Ice            46%        1d6       5%          3
c - Ozocubu's Armour      Ice            23%        N/A       5%          3

Your spell library contained the following spells:

 Spells                   Type           Power      Damage    Failure   Level
 Hailstorm                Conj/Ice       12%        3d5       45%         4
 Metabolic Englaciation   Hex/Ice        6%         N/A       82%         5
 Animate Dead             Necr           1%         N/A       83%         4
 Borgnjor's Vile Clutch   Necr/Erth      1%         N/A       99%         5
 Death Channel            Necr           1%         N/A       100%        6
 Simulacrum               Ice/Necr       6%         N/A       100%        6


Dungeon Overview and Level Annotations

Branches:
Dungeon (3/15)

Altars:
Fedhas
Okawaru
Sif Muna

Annotations:
D:3 exclusion: phantom


Innate Abilities, Weirdness & Mutations

You have sharp claws.
You have razor-sharp teeth.
You have supernaturally acute eyesight. (SInv)
You cover ground quickly. (Speed+)
You are covered in fur. (AC +1)
Your paws help you pounce on unaware monsters.
You are incapable of wielding weapons or throwing items.
You cannot wear armour.
You gain extra lives every three experience levels.


Message History

Aim: a giant cockroach (severely wounded)
You freeze the giant cockroach!
You kill the giant cockroach!
Sif Muna accepts your kill.
Unknown command.
You open the door.
There is an open door here.
You see here a +1 short sword of electrocution.
Things that are here:
a +0 short sword; a +0 ring mail An adder comes into view.
An adder is nearby!
An adder is nearby!
An adder is nearby!
The adder hisses angrily.
The adder barely misses you. The adder misses you.
You scratch the adder.
The adder is lightly wounded.
The adder misses you.
Casting: Freeze (safe; 1% risk of failure)
Confirm with . or Enter, or press ? or * to list all spells.
Aiming: Freeze (safe; 1% risk of failure)
Press: ? - help, Shift-Dir - straight line, f - adder
Aim: an adder (lightly wounded)
You freeze the adder!
You kill the adder!
Sif Muna accepts your kill.
Unknown command.
Found a blossoming altar of Fedhas.
An orc comes into view. It is wielding a +0 falchion.
An orc is nearby!
You pounce on the unaware helpless orc!
You claw the orc!
You kill the orc!
Sif Muna accepts your kill.
You have reached level 5!
You feel clever.
You see here a +0 falchion.
A hound comes into view.
A hound is nearby!
Are you sure you want to abandon this character and quit the game? (Confirm with "yes".)

#### ##...# ######
##.....## ##### #.....
#.......#####...# #.####
#......@........###.####
#.h.....#####...........
##....... ####....###.
#....#### #.....####
#.#.# ##......). # #.
##.###### # #.# #.# #+#


You could see a hound (asleep).

Vanquished Creatures
  A bullfrog skeleton (D:3)
  Terence (D:3)
  3 adders (D:3)
  2 worms (D:2)
  A dart slug (D:1)
  2 orcs (D:3)
  3 bats (D:1)
  2 endoplasms
  3 giant cockroaches
  3 goblins
  2 hobgoblins
  4 jackals (D:1)
  A quokka (D:2)
  8 ball pythons
  4 frilled lizards
  5 kobolds (D:1)
  4 rats
49 creatures vanquished.

Notes
Turn   | Place    | Note
-------+----------+-------------------------------------------
     0 | D:1      | tilp the Felid Ice Elementalist began the quest for the
                  | Orb.
     0 | D:1      | Reached XP level 1. HP: 7/7 MP: 4/4
   339 | D:1      | Found a faded altar of an unknown god.
   459 | D:1      | Reached XP level 2. HP: 11/11 MP: 1/6
   468 | D:1      | Reached skill level 4 in Ice Magic
  1448 | D:2      | Found a shimmering blue altar of Sif Muna.
  1463 | D:2      | Became a worshipper of Sif Muna the Loreminder
  1506 | D:2      | Reached XP level 3. HP: 13/14 MP: 5/7
  1510 | D:2      | Learned a level 3 spell: Frozen Ramparts
  1881 | D:1      | Learned a level 3 spell: Ozocubu's Armour
  2500 | D:3      | Noticed a phantom
  2581 | D:3      | Found an iron altar of Okawaru.
  2785 | D:3      | Noticed Terence
  2789 | D:3      | Killed Terence
  2790 | D:3      | Reached XP level 4. HP: 18/18 MP: 0/9
  3146 | D:3      | Reached skill level 5 in Ice Magic
  3393 | D:3      | Found a blossoming altar of Fedhas.
  3454 | D:3      | Reached XP level 5. HP: 21/21 MP: 10/10
  3479 | D:3      | Quit the game

Illustrated notes

Levels and vault maps discovered:
D:1:      eino_arrival_cavern_d, layout_basic,
          hellmonk_ecumenical_altar_lost_god
D:2:      layout_rooms, basic_altar, minmay_pentomino_u4
D:3:      layout_loops_corners, okawaru_ov_weapons_minmay,
          nicolae_overflow_ecumenical_swirl, marbit_many_paths, uniq_terence

Skill      XL: |  1  2  3  4 |
---------------+-------------+-----
Ice Magic      | 4 5 |  5.3
Spellcasting   | 3 |  3.0
Dodging        | |  2.6
Stealth        | |  2.6

Action                   |  1- 3 |  4- 6 || total
-------------------------+-------+-------++-------
Melee: Unarmed           |    42 |    21 ||    63
       Bite              |     2 |     3 ||     5
       Punch             |     1 |       ||     1
 Cast: Freeze            |    50 |     5 ||    55
       Frozen Ramparts   |     3 |     1 ||     4
       Ozocubu's Armour  |     2 |     1 ||     3
  Use: Scroll            |     2 |       ||     2
 Stab: Sleeping          |     7 |     2 ||     9
Armor: Skin              |     3 |     2 ||     5
Dodge: Dodged            |    64 |    21 ||    85

Table legend: (Time is in decaauts)
 A = Elapsed time spent in this place.
 B = Non-inter-level travel time spent in this place.
 C = Inter-level travel time spent in this place.
 D = Time resting spent in this place.
 E = Time spent auto-exploring this place.
 F = Levels seen in this place.
 G = Mean time per level.
                   A        B        C        D        E       F      G
               +--------+--------+--------+--------+--------+-----+--------+
         Total |   3156 |   3119 |     37 |    474 |   2268 |   3 | 1052.0 |
       Dungeon |   3156 |   3119 |     37 |    474 |   2268 |   3 | 1052.0 |
               +--------+--------+--------+--------+--------+-----+--------+

Top non-repeatable levels by time:
     D:1: 1312 daAuts
     D:3: 1036 daAuts
     D:2: 807 daAuts
